 Dungeon Crawl Stone Soup version 0.19-a0-994-g3c636f0 (webtiles) character file.

46 matakusis the Ducker (level 3, -2/28 HPs)
             Began as a Demonspawn Gladiator on July 17, 2016.
             Slain by a jackal (3 damage)
             ... on level 2 of the Dungeon.
             The game lasted 00:02:45 (1266 turns).

matakusis the Ducker (Demonspawn Gladiator)         Turns: 1266, Time: 00:02:46

Health: -2/28      AC:  3    Str: 15    XL:     3   Next: 46%
Magic:  3/3        EV: 13    Int:  9    God:
Gold:   37         SH:  0    Dex: 14    Spells: 0 memorised, 2 levels left

rFire  . . .     SeeInvis .     a - +0 long sword
rCold  . . .     Gourm    .     b - +0 leather armour
rNeg   . . .     Faith    .     (no shield)
rPois  .         Spirit   .     (helmet restricted)
rElec  .         Dismiss  .     (no cloak)
rCorr  .         Reflect  .     (no gloves)
SustAt .         Harm     .     (no boots)
MR     .....                    (no amulet)
Stlth  +.........               (no ring)
                                (no ring)

@: confused, not resistant to hostile enchantments, very unstealthy
A: antennae 2
a: no special abilities


You were on level 2 of the Dungeon.
You were not hungry.

You visited 1 branch of the dungeon, and saw 2 of its levels.

You collected 37 gold pieces.

Inventory:

Hand Weapons
 a - a +0 long sword (weapon)
Armour
 b - a +0 leather armour (worn)
 c - a +0 helmet
Scrolls
 e - 2 scrolls of identify {unknown}
 i - 2 scrolls of teleportation {unknown}
 m - a scroll of amnesia {unknown}
 n - a scroll of magic mapping {unknown}
Potions
 g - a potion of haste {unknown}
 h - a potion of berserk rage {unknown}
 j - a potion of flight {unknown}
Comestibles
 f - 2 bread rations
 k - a beef jerky
 l - 2 meat rations


   Skills:
 * Level 2.4 Fighting
 + Level 3.1 Long Blades
 - Level 1.7 Throwing
 * Level 3.5 Dodging


You had 2 spell levels left.
You didn't know any spells.

Dungeon Overview and Level Annotations

Branches:
Dungeon (2/15)

Altars:

Annotations:
D:2 Sigmund


Innate Abilities, Weirdness & Mutations

You have a pair of antennae on your head.


Message History

You kill the goblin!
You hit Sigmund but do no damage.
Sigmund is moderately wounded.
The jackal barely misses you.
You riposte.
You barely miss the jackal.
Sigmund struggles against the net.
The jackal closely misses you.
You riposte.
You completely miss the jackal.
Sigmund struggles against the net.
Unknown command.
You hit Sigmund.
Sigmund is heavily wounded.
The jackal barely misses you.
Sigmund struggles against the net.
The jackal barely misses you.
You riposte.
You closely miss the jackal.
Unknown command.
You hit Sigmund.
Sigmund is heavily wounded.
The jackal bites you.
* * * LOW HITPOINT WARNING * * *
Sigmund casts a spell at you.
You are confused.
Sigmund struggles against the net.
The jackal bites you.
You die...

##..........
.# #
##...........
# #
##............
###
#.............
#..
#............?
###
#.......8..8..
#....).†.§§...
#....h)..≈§...
#....@†.8?$8..
#....@........
#.............
##............
##...........
##...(......
##(.......
##.......


You could see Sigmund (caught) and a jackal.

Vanquished Creatures
  5 dart slugs (D:1)
  A giant gecko (D:1)
  3 giant cockroaches (D:1)
  7 goblins
  5 hobgoblins (D:1)
  2 jackals (D:2)
  5 bats
  3 kobolds (D:1)
  3 rats (D:1)
34 creatures vanquished.

Notes
Turn   | Place    | Note
-------+----------+-------------------------------------------
     0 | D:1      | matakusis the Demonspawn Gladiator began the quest for the Orb.
     0 | D:1      | Reached XP level 1. HP: 16/16 MP: 1/1
   286 | D:1      | Gained mutation: You have a pair of small antennae on your head. [demonic ancestry]
   286 | D:1      | Reached XP level 2. HP: 15/22 MP: 2/2
   840 | D:1      | Gained mutation: You have a pair of antennae on your head. [demonic ancestry]
   840 | D:1      | Reached XP level 3. HP: 24/27 MP: 3/3
  1252 | D:2      | Noticed Sigmund
  1266 | D:2      | HP: 1/28 [jackal (2)]
  1266 | D:2      | Slain by a jackal

Vault maps used:
D:1:      dpeg_arrival_three_same_balls
D:2:      kennysheep_big_flooded_room, gammafunk_temple_overflow_pools,
          serial_glass, glass_columns_a, glass_columns_a, glass_columns_b,
          glass_columns_c, glass_columns_a, minmay_tetromino_i2, uniq_sigmund,
          uniq_jessica

Skill      XL: |  1  2 |
---------------+-------+-----
Dodging        | 3 |  3.5
Long Blades    | 3 |  3.1
Fighting       | |  2.4
Throwing       | |  1.7

Action                   || total
-------------------------++-------
Melee: Long sword        ||    95
Throw: Throwing net      ||     3
 Stab: Sleeping          ||     1
  Eat: Chunk             ||     1
Armor: Leather armour    ||    21
Dodge: Dodged            ||    64
